 Dungeon Crawl Stone Soup version 0.27.0-66-gdc8fb28755 (webtiles) character file.

Game seed: 2053456314060084447

14236 Silentstumbler the Thaumaturge (level 12, -3/59 HPs)
             Began as a Tengu Conjurer on Aug 20, 2021.
             Was a Believer of Vehumet.
             Slain by a minotaur (13 damage)
             ... in a Gauntlet.
             The game lasted 01:37:57 (15989 turns).

Silentstumbler the Thaumaturge (Tengu Conjurer)    Turns: 15989, Time: 01:37:57

Health: -3/59      AC:  4    Str: 11    XL:     12   Next: 14%
Magic:  21/29      EV: 14    Int: 22    God:    Vehumet [**....]
Gold:   600        SH:  5    Dex: 15    Spells: 20/35 levels left

rFire    . . .     SeeInvis +   K - +12 short sword of Valiance {vorpal, rElec rPois Str+4}
rCold    . . .     Faith    .   (no shield)
rNeg     + . .     Spirit   .   L - +0 troll leather armour
rPois    +         Reflect  +   (helmet restricted)
rElec    +         Harm     .   p - scarf {shadows}
rCorr    .         Rampage  .   (no gloves)
Will     .....     NoTele   +   (boots unavailable)
Stlth    ++........             q - amulet of reflection
HPRegen  1.19/turn              N - ring of positive energy
MPRegen  0.21/turn              v - ring of see invisible

@: brilliant, flying quickly and evasively, quick
A: beak, talons 3, nimble flight
a: Renounce Religion


You were in a Gauntlet.
You worshipped Vehumet.
Vehumet was pleased with you.
You visited 2 branches of the dungeon, and saw 12 of its levels.
You also visited: Sewer and Gauntlet.

You collected 702 gold pieces.
You spent 102 gold pieces at shops.


Innate Abilities, Weirdness & Mutations

You have a beak for a mouth.
You have claws for feet.
Your magical nature lets you fly swiftly and evasively.


   Skills:
 - Level 3.0 Dodging
 - Level 2.4 Stealth
 * Level 12.1 Spellcasting
 - Level 11.8 Conjurations
 + Level 7.7 Translocations
 * Level 6.9 Fire Magic


You had 20 spell levels left.
You knew the following spells:

 Your Spells              Type           Power      Damage    Failure   Level
a - Magic Dart            Conj           100%       1d8       1%          1
b - Bolt of Magma         Conj/Fire/Erth 28%        4d13      14%         5
d - Dazzling Flash        Conj/Hex       100%       N/A       1%          3
s - Searing Ray           Conj           100%       3d7       1%          2
X - Iskenderun's Mystic   Conj/Tloc      71%        2d14      1%          4

Your spell library contained the following spells:

 Spells                   Type           Power      Damage    Failure   Level
 Foxfire                  Conj/Fire      100%       2x1d9     1%          1
 Conjure Flame            Conj/Fire      69%        6-21      1%          3
 Stone Arrow              Conj/Erth      100%       3d13      1%          3
 Fulminant Prism          Conj/Hex       28%        3d14      5%          4
 Hailstorm                Conj/Ice       56%        3d12      5%          4
 Animate Skeleton         Necr           40%        N/A       6%          1
 Corona                   Hex            22%        N/A       6%          1
 Freeze                   Ice            80%        1d9       6%          1
 Pain                     Necr           80%        1d8       6%          1
 Ensorcelled Hibernation  Hex/Ice        40%        N/A       10%         2
 Frozen Ramparts          Ice            40%        1d6       19%         3
 Tukima's Dance           Hex            20%        N/A       19%         3
 Vampiric Draining        Necr           10%        2d7       19%         3
 Starburst                Conj/Fire      34%        6d10      22%         6
 Shatter                  Erth           10%        3d11*     100%        9

Inventory:

Hand Weapons
 o - the +5 trident "Ammull" {speed, rElec rC+ rN++ rCorr}
   (You took it off a spriggan on level 8 of the Dungeon)

   Attacks with this weapon are significantly faster.
   rC:        It protects you from cold.
   rElec:     It insulates you from electricity.
   rN:        It greatly protects you from negative energy.
   rCorr:     It protects you from acid and corrosion.
 K - the +12 short sword of Valiance (weapon) {vorpal, rElec rPois Str+4}
   (You took it off a centaur on level 7 of the Dungeon)

   It inflicts extra damage upon your enemies.
   Str:       It affects your strength (+4).
   rElec:     It insulates you from electricity.
   rPois:     It protects you from poison.
 O - a +1 dagger of distortion
Missiles
 d - 68 poisoned darts (quivered)
 i - 3 javelins
 y - 2 throwing nets {=f}
 E - 5 boomerangs
 P - 5 curare-tipped darts {=f}
Armour
 m - a +1 robe of fire resistance
 p - a scarf of shadows (worn)
 L - a +0 troll leather armour (worn)
Jewellery
 c - a ring of ice
 q - an amulet of reflection (around neck)
 v - a ring of see invisible (right hand)
 C - a ring of ice
 F - a ring of fire
 G - an amulet of the acrobat
 N - a ring of positive energy (left hand)
 T - a +4 ring of protection
Wands
 g - a wand of iceblast (13)
 I - a wand of flame (22)
 M - a wand of digging (3)
 R - a wand of polymorph (8)
Scrolls
 a - 2 scrolls of fear
 b - a scroll of immolation {unknown}
 f - a scroll of holy word {unknown}
 j - a scroll of amnesia
 k - 2 scrolls of vulnerability
 l - 2 scrolls of acquirement {unknown}
 r - 3 scrolls of enchant armour
 x - 5 scrolls of teleportation {@r2}
 B - a scroll of summoning {unknown}
 H - a scroll of torment {unknown}
 J - 2 scrolls of noise {unknown}
 S - a scroll of blinking {unknown}
Potions
 e - 2 potions of heal wounds {@q2}
 h - a potion of berserk rage {unknown}
 n - 4 potions of invisibility
 s - 3 potions of mutation
 t - 4 potions of might
 u - a potion of curing {unknown}
 w - 2 potions of brilliance
 z - a potion of cancellation {unknown}
 A - a potion of magic {unknown}
 D - 2 potions of lignification
 Q - a potion of flight {unknown}

Dungeon Overview and Level Annotations

Branches:
Dungeon (11/15)            Temple (1/1) D:4            Lair (0/6) D:10
    Orc (0/2) D:11          Sewer (visited)         Gauntlet (1/1)

Altars:
Ashenzari
Cheibriados
Dithmenos
Elyvilon
Fedhas
Gozag
Hepliaklqana
Kikubaaqudgha
Makhleb
Nemelex Xobeh
Okawaru
Qazlal
Ru
Sif Muna
Trog
Uskayaw
Vehumet
Wu Jian
Xom
Yredelemnul
Zin
The Shining One

Shops:
D:1 *

Annotations:
D:6 Menkaure, 2 transporters, Menkaure Gauntlet 11 transporters

▓≈...............≈▓▓
▓≈≈..8©8©8©8©8©8..≈≈▓
▓▓≈...............≈▓▓
.▓▓.▓▓.▓▓.▓▓▓
▓▓.▓▓.▓▓.▓▓.▓▓
.............▓
.▓▓.▓▓.▓▓.▓▓.▓
.▓▓.▓▓.▓▓.▓▓.▓
......@......▓
▓.▓▓░'░.▓▓.▓▓ ░H░.▓
.▓ ░.░.. ░.░▓.▓ ░∩ .▓
░░ .. ▓.


You could see a minotaur.


Message History

Press: ? - help, Shift-Dir - straight line, f/p - minotaur
Aim: a minotaur, wielding the +10 halberd of Grace {flame, Str+5}, wearing a +0 chain mail, wearing a +4 ring of evasion and quivering javelins (moderately wounded, 81% to hit)
You feel a surge of power!
The searing ray hits the minotaur!
The minotaur is moderately wounded. (Press . to maintain the ray.)
The minotaur barely misses you.
The searing ray hits the minotaur.
The minotaur is moderately wounded.
You block the minotaur's attack.
The searing ray hits the minotaur but does no damage.
The minotaur is moderately wounded.
The minotaur barely misses you.
The searing ray misses the minotaur.
You finish channeling your searing ray.
The minotaur completely misses you.
Casting: Searing Ray (safe; 1% risk of failure)
Confirm with . or Enter, or press ? or * to list all spells.
Aiming: Searing Ray (safe; 1% risk of failure)
Press: ? - help, Shift-Dir - straight line, f/p - minotaur
Aim: a minotaur, wielding the +10 halberd of Grace {flame, Str+5}, wearing a +0 chain mail, wearing a +4 ring of evasion and quivering javelins (moderately wounded, 81% to hit)
You feel a surge of power!
The searing ray hits the minotaur!
The minotaur is heavily wounded. (Press . to maintain the ray.)
The minotaur throws a javelin.
The javelin pierces through you!
The searing ray hits the minotaur.
The minotaur is heavily wounded.
The minotaur hits you from afar with the +10 halberd of Grace {flame, Str+5}!!
Ouch! That really hurt!
* * * LOW HITPOINT WARNING * * *
The minotaur burns you!
You die...

Skill      XL: |  1  2  3  4  5  6  7  8  9 10 11 |
---------------+----------------------------------+-----
Dodging        | 3 |  3.0
Spellcasting   | 3 4 5 7 9 10 12 | 12.1
Conjurations   | 6 7 9 10 11 | 11.8
Translocations | 1 2 4 5 6 7 |  7.7
Fire Magic     | 6 |  6.9
Stealth        | |  2.4

Action                   |  1- 3 |  4- 6 |  7- 9 | 10-12 || total
-------------------------+-------+-------+-------+-------++-------
Melee: Whip              |       |     3 |       |       ||     3
       Peck              |       |     1 |       |       ||     1
       Short sword       |       |       |       |     2 ||     2
Throw: Stone             |     1 |     2 |       |     2 ||     5
       Dart              |       |       |       |     7 ||     7
 Cast: Magic Dart        |    52 |    76 |   150 |    51 ||   329
       Searing Ray       |     6 |    24 |    56 |    99 ||   185
       Iskenderun's Myst |       |       |       |    20 ||    20
Evoke: Wand              |       |       |       |     7 ||     7
  Use: Scroll            |       |     3 |     7 |     7 ||    17
       Potion            |       |       |     1 |     7 ||     8
Armor: Robe              |       |     1 |     9 |     5 ||    15
       Troll leather arm |       |       |       |     1 ||     1
Dodge: Dodged            |       |     9 |    31 |    46 ||    86
Block: Other             |       |     2 |    13 |    16 ||    31
       Reflection        |       |     1 |     1 |     2 ||     4

Levels and vault maps discovered:
D:1:      dpeg_arrival_pond, layout_basic, serial_shops,
          nicolae_shop_behind_doors
D:2:      layout_basic, dreamdust_ecumenical_altar_angels_and_demons,
          minmay_pentomino_u4
D:3:      layout_basic, minmay_misc_feat_more_columns
D:4:      layout_cave_pods, mainiacjoe_overflow_alcove_4, kennysheep_little_box,
          minmay_temple_entry_waves, portal_sewer_entry_b,
          gammafunk_ghost_mausoleum
D:5:      layout_layer_cave, makhleb_heckhound_becter, grunt_dithmenos_smoke,
          minmay_checkerbox
D:6:      layout_cave_pods, gammafunk_temple_of_torment,
          mainiacjoe_overflow_brackets, amcnicky_altar_gilded,
          dancing_weapons_uskayaw, elyvilon_altar_1, kennysheep_doodads
D:7:      layout_cave_pools, gammafunk_ghost_icy, minmay_misc_feat_five,
          kb_lookout_dungeons_type
D:8:      layout_cave_pools, nicolae_vehumet_radiance,
          ebering_ghost_funeral_grove
D:9:      layout_long_grid, fedhas_altar_fruit_tree, kennysheep_generic_room_3
D:10:     layout_basic, lemuel_crystal_altar, dpeg_lair_monsters, uniq_maggie,
          uniq_sonja
D:11:     layout_roguey, david_orc_3, gauntlet_entry_generic,
          kennysheep_generic_room_5
Temple:   kb_temple_of_zot
Gauntlet: gammafunk_gauntlet_77_escape_option [minmay_gauntlet_arena_77_box,
          minmay_gauntlet_arena_77_block_sizes, minmay_gauntlet_arena_77_braids,
          minmay_gauntlet_arena_77_double_cross,
          minmay_gauntlet_arena_77_hold_the_fort, gauntlet_exit_green]

Notes
Turn   | Place    | Note
-------+----------+-------------------------------------------
     0 | D:1      | Silentstumbler the Tengu Conjurer began the quest for the
                  | Orb.
     0 | D:1      | Reached XP level 1. HP: 10/10 MP: 4/4
    70 | D:1      | You fall into a shaft and drop 1 floor!
    76 | D:2      | Reached XP level 2. HP: 15/15 MP: 0/6
   410 | D:2      | Found a faded altar of an unknown god.
   552 | D:2      | Reached XP level 3. HP: 19/19 MP: 4/7
   555 | D:2      | Learned a level 2 spell: Searing Ray
  1430 | D:1      | Found Oticraek's Assorted Antiques.
  1433 | D:1      | Bought a scroll labelled ROADOFOAMNY for 17 gold pieces
  1433 | D:1      | Bought a scroll labelled PAISHRI XEKU for 17 gold pieces
  2094 | D:1      | Reached XP level 4. HP: 24/24 MP: 6/9
  2385 | D:3      | Reached skill level 3 in Dodging
  2514 | D:3      | Learned a level 4 spell: Iskenderun's Mystic Blast
  2537 | D:3      | Reached skill level 3 in Spellcasting
  2537 | D:3      | Reached skill level 6 in Conjurations
  2912 | D:3      | Gained mutation: Your magical nature lets you fly swiftly
                  | and evasively. [Tengu growth]
  2912 | D:3      | Reached XP level 5. HP: 22/28 MP: 2/10
  3650 | D:4      | Found a glowing drain.
  3682 | Sewer    | Entered a sewer
  3843 | Sewer    | Reached skill level 1 in Translocations
  3897 | Sewer    | Noticed a kobold brigand
  3904 | Sewer    | Killed a kobold brigand
  3905 | Sewer    | Reached XP level 6. HP: 15/32 MP: 3/12
  4198 | Sewer    | Reached skill level 4 in Spellcasting
  5049 | D:4      | Reached skill level 2 in Translocations
  5051 | D:4      | Reached skill level 7 in Conjurations
  5051 | D:4      | Reached XP level 7. HP: 26/36 MP: 1/15
  5220 | D:4      | Found a staircase to the Ecumenical Temple.
  5229 | Temple   | Entered the Ecumenical Temple
  5594 | D:4      | Reached skill level 5 in Spellcasting
  5678 | D:4      | Found a transporter.
  5681 | D:4      | Found a transporter.
  5681 | D:4      | Noticed drh's ghost (amateur OpAK)
  5753 | D:4      | Killed drh's ghost
  5754 | D:4      | Reached XP level 8. HP: 32/41 MP: 0/17
  5815 | D:4      | Reached skill level 3 in Translocations
  5974 | D:4      | Reached skill level 6 in Spellcasting
  6118 | D:4      | Found a glowing silver altar of Zin.
  6176 | D:4      | Reached skill level 8 in Conjurations
  6469 | D:4      | Found an opulent altar of Gozag.
  6745 | D:5      | Entered Level 5 of the Dungeon
  7186 | D:5      | Learned a level 3 spell: Dazzling Flash
  7515 | D:5      | Reached skill level 7 in Spellcasting
  7575 | D:5      | Found a shadowy altar of Dithmenos.
  7590 | D:5      | Reached skill level 4 in Translocations
  7764 | D:5      | Reached skill level 9 in Conjurations
  7830 | D:5      | Reached XP level 9. HP: 45/45 MP: 14/21
  8206 | D:5      | Found a burning altar of Makhleb.
  8596 | D:6      | Found a sparkling altar of Nemelex Xobeh.
  8638 | D:6      | Found an ancient bone altar of Kikubaaqudgha.
  8640 | D:6      | Noticed Menkaure
  8700 | D:6      | Found a basalt altar of Yredelemnul.
  8716 | D:6      | Found a transporter.
  8728 | D:6      | Found a transporter.
  8854 | D:6      | Found a stormy altar of Qazlal.
  8929 | D:6      | Noticed a +0 dagger
  8930 | D:6      | Found a hide-covered altar of Uskayaw.
  8930 | D:6      | Noticed a +0 hand axe
  9056 | D:6      | Found a white marble altar of Elyvilon.
  9562 | D:7      | Reached skill level 8 in Spellcasting
  9804 | D:7      | Identified the +12 short sword of Valiance {vorpal, rElec
                  | rPois Str+4}
  9937 | D:7      | Found a runed translucent gate.
  9938 | D:7      | Found a runed translucent gate.
  9939 | D:7      | Found a runed translucent gate.
  9987 | D:7      | Noticed Lochraine's ghost (novice GrMo)
 10180 | D:7      | Killed Lochraine's ghost
 10181 | D:7      | Reached skill level 10 in Conjurations
 10181 | D:7      | Reached skill level 5 in Translocations
 10391 | D:7      | Reached skill level 9 in Spellcasting
 10669 | D:7      | Reached XP level 10. HP: 45/50 MP: 19/24
 10767 | D:8      | Found a radiant altar of Vehumet.
 10789 | D:8      | Became a worshipper of Vehumet
 11297 | D:8      | Reached skill level 11 in Conjurations
 11485 | D:1      | Bought a runed iron wand for 68 gold pieces
 11720 | D:8      | Reached skill level 6 in Translocations
 11772 | D:8      | Found a runed translucent door.
 11801 | D:8      | Reached skill level 10 in Spellcasting
 12208 | D:8      | Reached * piety under Vehumet
 12208 | D:8      | Offered knowledge of Sandblast by Vehumet.
 12375 | D:8      | Identified the +5 trident "Ammull" {speed, rElec rC+ rN++
                  | rCorr}
 12376 | D:8      | Noticed hurston's ghost (novice HuWn)
 12409 | D:8      | Killed hurston's ghost
 12615 | D:9      | Reached XP level 11. HP: 54/54 MP: 12/26
 12967 | D:9      | Got Zetettor's Tome of Conjuration and the Volcanoes
 12974 | D:9      | Learned a level 5 spell: Bolt of Magma
 13094 | D:9      | Reached skill level 1 in Fire Magic
 13193 | D:9      | Reached skill level 11 in Spellcasting
 13193 | D:9      | Reached skill level 2 in Fire Magic
 13649 | D:9      | Found a blossoming altar of Fedhas.
 13719 | D:9      | Noticed a two-headed ogre
 13725 | D:9      | HP: 3/54 [two-headed ogre (19)]
 13774 | D:9      | Killed a two-headed ogre
 13775 | D:9      | Reached skill level 7 in Translocations
 13775 | D:9      | Reached skill level 3 in Fire Magic
 14226 | D:10     | Entered Level 10 of the Dungeon
 14291 | D:10     | Noticed a death yak
 14293 | D:10     | Noticed a death yak
 14344 | D:10     | Reached skill level 4 in Fire Magic
 14566 | D:10     | Found a bloodstained altar of Trog.
 14577 | D:10     | Noticed a two-headed ogre
 14614 | D:10     | Killed a two-headed ogre
 14651 | D:10     | Found a staircase to the Lair.
 14743 | D:10     | Noticed Sonja
 14747 | D:10     | Noticed Maggie
 14765 | D:10     | Killed Sonja
 14766 | D:10     | Reached skill level 5 in Fire Magic
 14840 | D:10     | Killed Maggie
 14868 | D:10     | Reached ** piety under Vehumet
 14991 | D:10     | Offered knowledge of Foxfire by Vehumet.
 15201 | D:10     | Noticed a death yak
 15215 | D:10     | Killed a death yak
 15216 | D:10     | Reached skill level 6 in Fire Magic
 15216 | D:10     | Killed a death yak
 15217 | D:10     | Reached skill level 12 in Spellcasting
 15217 | D:10     | Reached XP level 12. HP: 59/59 MP: 20/29
 15305 | D:10     | Killed a death yak
 15620 | D:11     | Found a gate leading to a gauntlet.
 15628 | Gauntlet | Entered a Gauntlet
 15628 | Gauntlet | Found a transporter.
 15635 | Gauntlet | Noticed a catoblepas
 15637 | Gauntlet | Found a transporter.
 15639 | Gauntlet | Found a transporter.
 15651 | Gauntlet | Found a transporter.
 15651 | Gauntlet | Found a transporter.
 15659 | Gauntlet | Found a transporter.
 15663 | Gauntlet | Found a transporter.
 15671 | Gauntlet | Found a transporter.
 15675 | Gauntlet | Found a transporter.
 15683 | Gauntlet | Found a transporter.
 15706 | Gauntlet | Found a transporter.
 15718 | Gauntlet | Found a transporter.
 15730 | Gauntlet | Found a transporter.
 15742 | Gauntlet | Found a transporter.
 15980 | Gauntlet | Identified the +10 halberd of Grace {flame, Str+5}
 15980 | Gauntlet | Noticed a minotaur
 15989 | Gauntlet | Slain by a minotaur

Vanquished Creatures
  2 two-headed ogres
  3 death yaks (D:10)
  The ghost of hurston the Cutter, a novice HuWn of Gozag (D:8)
  Sonja (D:10)
  The ghost of Lochraine the Skirmisher, a novice GrMo of Ashenzari (D:7)
  Maggie (D:10)
  A kobold demonologist (D:10)
  2 trolls
  The ghost of drh the Sneak, an amateur OpAK of Lugonu (D:4)
  7 slime creatures
  2 wyverns
  3 spriggans (D:8)
  2 wraiths (D:10)
  11 yaks
  A steam dragon (D:4)
  An acid dragon (D:10)
  A water moccasin (D:8)
  2 orc warriors
  A black bear (D:7)
  A sky beast (D:8)
  4 ice beasts (D:7)
  4 ogres
  3 necrophages
  A wolf (D:8)
  2 centaurs
  2 phantoms
  7 kobold brigands
  2 gnoll sergeants
  2 bullfrogs
  A wyvern skeleton (D:7)
  2 water moccasin skeletons (D:4)
  6 killer bees
  5 howler monkeys (D:9)
  2 bullfrog zombies
  2 bullfrog skeletons
  4 hounds
  A jelly (D:5)
  2 centaur skeletons
  3 orc priests
  2 iguanas
  3 orc wizards (D:9)
  A killer bee zombie (D:7)
  A centaur simulacrum (D:7)
  10 adders
  12 gnolls
  6 river rats (Sewer)
  6 white imps
  A shadow imp (D:7)
  2 adder skeletons
  4 worms
  2 dart slugs
  20 orcs
  4 endoplasms
  3 giant cockroaches
  8 goblins
  5 hobgoblins
  7 jackals
  24 kobolds
  2 quokkas
  16 ball pythons
  2 bats
  A frilled lizard (D:1)
  24 rats
266 creatures vanquished.

Vanquished Creatures (others)
  A kobold (D:8)
  A bush (D:7)
  5 plants (D:8)
7 creatures vanquished.

Grand Total: 273 creatures vanquished

Table legend: (Time is in decaauts)
 A = Elapsed time spent in this place.
 B = Non-inter-level travel time spent in this place.
 C = Inter-level travel time spent in this place.
 D = Time resting spent in this place.
 E = Time spent auto-exploring this place.
 F = Levels seen in this place.
 G = Mean time per level.
                   A        B        C        D        E       F      G
               +--------+--------+--------+--------+--------+-----+--------+
         Total |  15253 |  14531 |    722 |   5224 |   6241 |  14 | 1089.5 |
       Dungeon |  13545 |  12850 |    695 |   4566 |   5825 |  11 | 1231.4 |
        Temple |    141 |    114 |     27 |      0 |     88 |   1 |  141.0 |
         Sewer |   1240 |   1240 |      0 |    658 |    247 |   1 | 1240.0 |
      Gauntlet |    326 |    326 |      0 |      0 |     81 |   1 |  326.0 |
               +--------+--------+--------+--------+--------+-----+--------+

Top non-repeatable levels by time:
     D:5: 1765 daAuts
     D:4: 1580 daAuts
     D:9: 1442 daAuts
     D:8: 1442 daAuts
     D:3: 1369 daAuts
     D:7: 1334 daAuts
    D:10: 1332 daAuts
     D:2: 1278 daAuts
   Sewer: 1240 daAuts
     D:1: 1115 daAuts
     D:6: 874 daAuts
Gauntlet: 326 daAuts
  Temple: 141 daAuts
    D:11: 10 daAuts

Table legend:
 A = Non-vault XP
 B = Vault XP
 C = Vault XP percentage of total XP
 D = Non-vault monster count
 E = Vault monster count
 F = Vault count percentage of total count
                 A         B        C        D         E       F
            +---------+---------+-------+---------+---------+-------
      Total |   11506 |    8832 |  43.4 |     175 |      91 |  34.2
            +---------+---------+-------+---------+---------+-------
        D:1 |      36 |       0 |   0.0 |      20 |       0 |   0.0
        D:2 |      40 |       6 |  13.0 |       9 |       3 |  25.0
        D:3 |      98 |       0 |   0.0 |      21 |       0 |   0.0
        D:4 |     628 |     492 |  43.9 |      21 |       8 |  27.6
        D:5 |     761 |     183 |  19.4 |      23 |       5 |  17.9
        D:6 |     243 |       0 |   0.0 |       6 |       0 |   0.0
        D:7 |     632 |    1204 |  65.6 |      10 |      11 |  52.4
        D:8 |    2883 |    1611 |  35.8 |      28 |       5 |  15.2
        D:9 |    3465 |     112 |   3.1 |      23 |       1 |   4.2
       D:10 |    2720 |    4879 |  64.2 |      14 |      10 |  41.7
      Sewer |       0 |     345 | 100.0 |       0 |      48 | 100.0
            +---------+---------+-------+---------+---------+-------
